 Dungeon Crawl Stone Soup version 0.28.0-53-g5a82cb258f (webtiles) character file.

Game seed: 3323026121016461024

91 Ashen the Chiller (level 4, 0/32 HPs)
             Began as a Demonspawn Ice Elementalist on July 13, 2022.
             Slain by an orc wizard
             ... wielding a +0 dagger
              (2 damage)
             ... on level 2 of the Dungeon.
             The game lasted 00:03:43 (3057 turns).

Ashen the Chiller (Demonspawn Ice Elementalist)     Turns: 3057, Time: 00:03:43

Health: 0/32       AC:  4    Str:  8    XL:     4   Next: 33%
Magic:  7/7        EV: 12    Int: 19    God:
Gold:   60         SH:  4    Dex: 13    Spells: 7/8 levels left

rFire   . . .      SeeInvis .   f - +0 dagger (venom)
rCold   . . .      Faith    .   (no shield)
rNeg    . . .      Spirit   .   a - +0 robe
rPois   .          Reflect  .   b - +0 helmet
rElec   .          Harm     .   (no cloak)
rCorr   .          Rampage  .   g - +0 pair of gloves
Will    .....                   (no boots)
Stlth   ++........              (no amulet)
HPRegen 0.10/turn               (no ring)
MPRegen 0.10/turn               (no ring)

@: no status effects
A: large bone plates 1, demonic touch 1
a: no special abilities


You were on level 2 of the Dungeon.
You visited 1 branch of the dungeon, and saw 3 of its levels.

You collected 60 gold pieces.

Inventory:

Hand Weapons
 f - a +0 dagger of venom (weapon)
 i - a +1 whip of flaming
 m - a +3 dagger of freezing
Missiles
 n - a throwing net
Armour
 a - a +0 robe (worn)
 b - a +0 helmet (worn)
 g - a +0 pair of gloves (worn)
Scrolls
 c - a scroll of immolation {unknown}
 d - a scroll of teleportation {unknown}
 e - a scroll of fog {unknown}
 j - a scroll of vulnerability {unknown}
 k - a scroll of noise {unknown}
 o - a scroll of summoning {unknown}
Potions
 h - 2 potions of haste {unknown}
 l - a potion of berserk rage {unknown}


   Skills:
 + Level 1.5 Fighting
 + Level 2.4 Dodging
 + Level 2.5 Stealth
 + Level 2.5 Spellcasting
 + Level 4.0 Ice Magic


You had 7 spell levels left.
You knew the following spells:

 Your Spells              Type           Power      Damage    Failure   Level
a - Freeze                Ice            68%        1d8       3%          1

Your spell library contained the following spells:

 Spells                   Type           Power      Damage    Failure   Level
 Frozen Ramparts          Ice            34%        1d5       9%          3
 Ozocubu's Armour         Ice            17%        N/A       9%          3
 Ignite Poison            Fire/Tmut/Pois 2%         N/A       43%         3
 Mephitic Cloud           Conj/Pois/Air  2%         N/A       43%         3
 Hailstorm                Conj/Ice       10%        3d5       56%         4
 Freezing Cloud           Conj/Ice/Air   3%         6-21      95%         5


Dungeon Overview and Level Annotations

Branches:
Dungeon (3/15)

Altars:


Innate Abilities, Weirdness & Mutations

You are partially covered in large bone plates. (SH +4)
Your touch may inflict minor irresistible damage on your foes.


Message History

You miss something. Something hits you. The orc misses you.
You feel less confused. Something hits you. The orc completely misses you.
Casting: Freeze (safe; 3% risk of failure)
Confirm with . or Enter, or press ? or * to list all spells.
You can't see any susceptible monsters within range! (Use Z to cast anyway.)
Casting: Freeze (safe; 3% risk of failure)
Confirm with . or Enter, or press ? or * to list all spells.
You don't know that spell.
Unknown command.
Casting: Freeze (safe; 3% risk of failure)
Confirm with . or Enter, or press ? or * to list all spells.
Aiming: Freeze (safe; 3% risk of failure)
Press: ? - help, Shift-Dir - straight line You freeze something.
You hear some strange, mumbled words.
You are confused.
You're too confused to cast spells.
Unknown command.
You bump into the rock wall.
Something hits you.
The orc hits you with a +1 vampiric hand axe.
* * * LOW HITPOINT WARNING * * *
You hit the orc but do no damage.
The orc is poisoned.
Something hits you.
* * * LOW HITPOINT WARNING * * *
The orc misses you.
You hear some strange, mumbled words.
A puff of flame appears from out of thin air!
The puff of flame hits you.
* * * LOW HITPOINT WARNING * * *
You bump into the rock wall.
You kill the orc!
You bump into the rock wall.
Something hits you.
* * * LOW HITPOINT WARNING * * *
You barely miss something.
You feel less confused. Something hits you but does no damage.
You miss something. Something hits you.
* * * LOW HITPOINT WARNING * * *
You completely miss something. Something hits you.
You die...

#...######## #..........#
#..........#
######..........##########
.......[..........>......#
#####.###....รท.._^.#####.#
#####.# #.......^..# #.#
......# ##'#####.#.### #.#
#####.# #.# #@.)..# #.#
......# #.# ###.#.# #.#
#####.# #.# #.#.# #.# #.#
##'### #.#.# #.# #.# #....#
#.#.# #.# # #.###....#
#.#.# #.# # #.##<....#
##..# #.# ## #.###....#
#..###.# .# #.# #g...#
#......#


There were no monsters in sight!

Vanquished Creatures
  4 gnolls
  An adder skeleton (D:2)
  2 worms (D:2)
  A dart slug (D:2)
  An orc (D:2)
  4 bats
  5 endoplasms
  3 giant cockroaches (D:2)
  4 goblins
  A hobgoblin (D:2)
  4 kobolds
  3 ball pythons (D:1)
  5 frilled lizards
  3 rats
41 creatures vanquished.

Notes
Turn   | Place    | Note
-------+----------+-------------------------------------------
     0 | D:1      | Ashen the Demonspawn Ice Elementalist began the quest for
                  | the Orb.
     0 | D:1      | Reached XP level 1. HP: 13/13 MP: 3/3
   450 | D:1      | Gained mutation: You are partially covered in large bone
                  | plates. (SH +4) [demonic ancestry]
   450 | D:1      | Reached XP level 2. HP: 19/20 MP: 1/5
  1158 | D:2      | Found a faded altar of an unknown god.
  1171 | D:2      | Reached skill level 1 in Fighting
  1613 | D:2      | Reached XP level 3. HP: 23/26 MP: 6/6
  2405 | D:2      | Reached skill level 4 in Ice Magic
  2405 | D:2      | Gained mutation: Your touch may inflict minor irresistible
                  | damage on your foes. [demonic ancestry]
  2405 | D:2      | Reached XP level 4. HP: 19/32 MP: 3/7
  3057 | D:2      | Slain by an orc wizard

Illustrated notes

Levels and vault maps discovered:
D:1:      dpeg_arrival_concentric_ovals, layout_basic
D:2:      layout_basic, ebering_ecumenical_altar_webs
D:3:      layout_loops_ring

Skill      XL: |  1  2  3 |
---------------+----------+-----
Stealth        | 2 |  2.5
Dodging        | 2 |  2.4
Fighting       | 1 |  1.5
Ice Magic      | 4 |  4.0
Spellcasting   | |  2.5

Action                   |  1- 3 |  4- 6 || total
-------------------------+-------+-------++-------
Melee: Unarmed           |     1 |       ||     1
       Dagger            |    48 |    36 ||    84
       Whip              |     7 |       ||     7
       Touch             |       |     4 ||     4
 Cast: Freeze            |    34 |     4 ||    38
 Stab: Sleeping          |     7 |       ||     7
Armor: Robe              |    13 |    16 ||    29
Dodge: Dodged            |    39 |    16 ||    55
Block: Other             |    13 |     9 ||    22
